Map: Lightshade LE

Players

A.I. 1 (Very Easy)

  • Race: Zerg Zerg
  • Spawn Location: 11:00

Drift - Winner!

  • Race: Terran Terran
  • League: Master
  • Spawn Location: 5:00

VOD

Have the link to the VOD?

Description

Time

  • Played on: Jan. 11, 2021, 10:42 p.m.
  • Length: 10:36
Show
View Real Time Build Order
Export as new Build Order

A.I. 1 (Very Easy) Zerg 

Build Orders: Hatch First 

Get SALT Encoding   

  6  0:00  Drone  
  13  0:12  Overlord  
  13  0:16  Drone  
  14  0:41  Hatchery  
  13  0:45  Drone  
  14  1:03  Spawning Pool  
  13  1:04  Extractor  
  13  1:07  Drone  
  13  1:14  Drone  
  14  1:20  Overlord  
  14  1:50  Zergling x2  
  14  1:51  Queen  
  14  1:52  Zergling x2  
  18  1:59  Roach Warren  
  17  2:03  Drone  
  18  2:09  Extractor  
  18  2:12  Drone  
  18  2:17  Zergling x2  
  20  2:22  Drone  
  21  2:30  Drone  
  21  2:37  Drone  
  22  2:44  Drone  
  23  2:51  Drone  
  24  2:58  Drone  
  24  3:05  Drone  
  24  3:09  Roach  
  27  3:13  Drone  
  27  3:17  Overlord  
  28  3:21  Drone  
  29  3:28  Drone  
  30  3:35  Drone  
  31  3:42  Drone  
  31  3:48  Overlord  
  32  3:50  Drone  
  33  3:56  Lair  
  33  3:57  Drone  
  33  4:00  Roach  
  36  4:07  Drone  
  37  4:14  Drone  
  38  4:21  Drone  
  39  4:28  Drone  
  40  4:35  Drone  
  40  4:42  Drone  
  40  4:44  Overlord  
  41  4:49  Drone  
  41  4:51  Roach  
  44  4:54  Overseer  
  44  4:57  Overseer, Drone  
  45  5:04  Extractor, Drone  
  45  5:11  Extractor, Drone  
  45  5:18  Drone  
  46  5:25  Drone  
  47  5:32  Drone  
  47  5:40  Drone  
  48  5:43  Roach  
  50  6:34  Zergling x2  
  51  9:01  Zergling x2  
  42  9:38  Overlord, Overseer  
  42  9:49  Drone  
  38  9:53  Roach  
  38  9:57  Drone  
  30  10:04  Drone  
  27  10:11  Drone  
  27  10:13  Overseer  
  17  10:22  Drone  
Show
View Real Time Build Order
Export as new Build Order

Drift Terran - Winner!

Build Orders: Reaper Expand, Hellion Banshee 

Get SALT Encoding   

  6  0:00  SCV  
  13  0:12  SCV  
  14  0:16  Supply Depot  
  14  0:24  SCV  
  15  0:38  SCV  
  15  0:39  Barracks  
  16  0:43  Refinery  
  16  0:50  SCV  
  17  1:02  SCV  
  18  1:14  SCV  
  19  1:26  Reaper  
  19  1:27  Orbital Command  
  20  1:40  Command Center  
  20  1:50  Supply Depot  
  20  1:52  SCV  
  21  1:58  Marine  
  22  2:04  SCV  
  23  2:08  Factory  
  23  2:16  SCV  
  23  2:19  Barracks Reactor  
  24  2:29  SCV  
  25  2:41  SCV  
  25  2:43  Command Center  
  26  2:53  SCV, Orbital Command  
  27  3:00  Starport  
  27  3:06  SCV, Refinery  
  28  3:15  Hellion  
  28  3:18  SCV, Hellion  
  28  3:19  SCV  
  34  3:24  Barracks Tech Lab  
  34  3:30  SCV  
  34  3:31  SCV  
  36  3:40  Hellion  
  36  3:41  Hellion  
  40  3:42  SCV  
  40  3:43  SCV  
  42  3:49  Cloaking Field  
  42  3:54  SCV  
  42  3:55  SCV, Orbital Command  
  44  3:57  Banshee  
  44  4:02  Hellion  
  49  4:04  Hellion  
  49  4:07  SCV x2  
  49  4:08  Barracks Tech Lab  
  53  4:15  Supply Depot  
  53  4:19  SCV x2  
  53  4:22  SCV  
  53  4:24  Hellion  
  58  4:25  Hellion  
  61  4:38  SCV  
  61  4:39  Stimpack, Supply Depot  
  61  4:40  SCV, Banshee  
  61  4:41  SCV  
  66  4:51  Barracks, SCV  
  67  4:52  Barracks  
  67  4:55  Engineering Bay  
  67  4:56  Engineering Bay, Factory Reactor  
  67  4:59  SCV  
  68  5:00  Orbital Command  
  68  5:01  Supply Depot, Refinery  
  68  5:03  Marine  
  69  5:10  SCV, Refinery  
  69  5:12  SCV  
  71  5:20  Marine  
  72  5:23  SCV  
  72  5:25  SCV, Supply Depot  
  72  5:26  Terran Infantry Weapons Level 1  
  72  5:27  Supply Depot  
  74  5:28  Terran Infantry Armor Level 1  
  74  5:37  SCV  
  74  5:38  SCV, Marine  
  74  5:41  SCV  
  74  5:42  Barracks, Starport Reactor  
  78  5:44  Barracks  
  78  5:45  Marine x2  
  81  5:50  SCV x2  
  81  5:52  Refinery  
  81  5:54  Marine x2  
  81  5:56  Marine  
  88  5:58  SCV  
  88  6:01  Supply Depot  
  88  6:02  SCV  
  88  6:03  Marine  
  91  6:05  SCV  
  91  6:07  Supply Depot  
  91  6:10  SCV  
  93  6:14  SCV  
  91  6:19  Medivac x2, Marine  
  91  6:21  Siege Tank  
  91  6:22  SCV x2  
  101  6:27  Supply Depot  
  101  6:28  Marine  
  101  6:29  Marine  
  103  6:32  Marine  
  103  6:33  Marine  
  103  6:34  Barracks Reactor, Armory  
  103  6:35  Barracks Reactor  
  103  6:36  SCV x2  
  103  6:37  SCV  
  108  6:45  Barracks, Marine  
  108  6:46  Barracks x2, Marine  
  110  6:47  Combat Shield, Marine  
  110  6:49  SCV x2  
  110  6:50  Marine  
  110  6:51  Supply Depot, Marine  
  115  6:59  Siege Tank  
  115  7:00  Medivac  
  120  7:02  Medivac  
  120  7:03  Marine  
  120  7:04  Marine  
  120  7:05  Marine  
  125  7:11  Supply Depot  
  125  7:12  Marine x2  
  125  7:13  Marauder, Marine x3  
  125  7:14  Supply Depot  
  132  7:24  Terran Infantry Weapons Level 2  
  132  7:27  Terran Infantry Armor Level 2  
  132  7:29  Marine  
  132  7:30  Medivac, Marine x3  
  132  7:34  Marine x7  
  132  7:35  Supply Depot, Marine  
  146  7:38  Supply Depot  
  146  7:39  Siege Tank  
  149  7:47  Marine x3  
  149  7:48  Marine  
  153  7:52  Marine x3  
  153  7:55  Marine  
  153  7:57  Marine x2  
  159  8:00  Supply Depot, Marine  
  159  8:01  Supply Depot  
  160  8:08  Marauder, Marine x3  
  160  8:09  Marine  
  160  8:10  Medivac x2  
  170  8:14  Supply Depot, Marine x2  
  170  8:15  Marine  
  173  8:21  Siege Tank, Marine x4  
  173  8:26  Marine  
  181  8:27  Marine x3  
  181  8:29  Marauder  
  181  8:32  Marine  
  181  8:33  Marine  
  181  8:34  Marine  
  189  8:39  Marine x4  
  189  8:40  Supply Depot, Medivac x2  
  197  8:46  Marine x3  
  200  9:04  Marine  
  200  9:09  Barracks Tech Lab x2  
  200  9:14  Factory  
  200  9:19  Command Center  
  200  9:23  Barracks  
  200  9:24  Barracks x2  
  200  9:26  Refinery  
  200  9:33  Concussive Shells  
  200  10:07  Factory Reactor  
  200  10:10  Barracks Tech Lab  
  200  10:23  Barracks Tech Lab  
  200  10:24  Barracks Reactor  
Tags
 
Add a new tag
Caveats
  • Supply blocks, unpowered buildings, or Contaminate may cause inaccurate times.
  • Supply counts are checked every 10 seconds.